Map: Abyssal Reef LE

Players

Isszul - Winner!

  • Race: Zerg Zerg
  • Spawn Location: 11:00

Fropez

  • Race: Protoss Protoss
  • League: Gold
  • Spawn Location: 5:00

VOD

Have the link to the VOD?

Description

Time

  • Played on: Jan. 24, 2017, 2:39 p.m.
  • Length: 9:51
Show
View Real Time Build Order
Export as new Build Order

Isszul Zerg - Winner!

Build Orders: 3 Hatch before Pool, Lurkers 

Get SALT Encoding   

  12  0:01  Drone  
  13  0:12  Overlord  
  13  0:19  Drone  
  14  0:31  Drone x2  
  14  0:35  Drone  
  17  0:54  Hatchery  
  17  0:57  Drone  
  17  1:00  Drone  
  18  1:14  Drone  
  19  1:21  Extractor  
  19  1:27  Drone  
  19  1:32  Drone  
  21  1:39  Hatchery  
  20  1:40  Drone  
  21  1:49  Spawning Pool  
  21  1:53  Drone  
  21  2:01  Overlord  
  21  2:06  Drone  
  22  2:11  Drone  
  23  2:17  Drone  
  24  2:23  Drone  
  24  2:28  Overlord  
  25  2:33  Drone  
  26  2:38  Drone  
  27  2:44  Drone  
  27  2:45  Queen x2  
  27  2:50  Drone  
  27  2:51  Queen  
  33  2:52  Drone  
  33  2:54  Drone  
  33  2:57  Extractor  
  33  2:58  Extractor x2  
  35  3:00  Extractor, Drone  
  35  3:02  Drone  
  35  3:05  Zergling x2  
  36  3:14  Drone  
  36  3:15  Drone  
  36  3:17  Drone  
  39  3:28  Drone x3  
  39  3:33  Drone  
  43  3:36  Lair  
  43  3:37  Drone x2  
  45  3:44  Drone  
  46  3:49  Drone x2  
  46  3:54  Overlord x3  
  48  3:56  Drone x2  
  50  4:05  Overlord  
  50  4:06  Overlord x2  
  49  4:12  Drone x3  
  52  4:19  Drone  
  52  4:21  Drone  
  52  4:22  Drone x2  
  56  4:26  Overlord x2  
  56  4:27  Drone  
  56  4:28  Drone  
  56  4:30  Zergling x2  
  59  4:33  Zergling x4  
  59  4:37  Zergling x4  
  63  4:39  Metabolic Boost  
  63  4:46  Queen  
  65  4:54  Zergling x6  
  65  4:55  Zergling x4  
  68  5:01  Drone  
  68  5:02  Drone  
  70  5:10  Hydralisk Den  
  70  5:11  Evolution Chamber, Spore Crawler  
  70  5:12  Spore Crawler  
  66  5:15  Spore Crawler  
  66  5:16  Spine Crawler x2  
  66  5:18  Spine Crawler  
  66  5:19  Drone x2  
  64  5:21  Drone  
  65  5:30  Drone x6  
  71  5:48  Hydralisk x4, Muscular Augments  
  79  5:51  Zerg Missile Weapons Level 1  
  79  5:55  Hydralisk x2  
  84  6:00  Extractor  
  84  6:01  Extractor  
  82  6:05  Hydralisk x2  
  82  6:06  Hydralisk x2  
  82  6:10  Hydralisk x2  
  85  6:25  Drone  
  84  6:31  Hydralisk x6  
  96  6:35  Zergling x6  
  96  6:36  Zergling x4  
  98  6:49  Drone x3  
  98  6:50  Drone x3  
  104  6:55  Drone x2  
  105  7:05  Drone x2, Hatchery  
  105  7:06  Drone  
  107  7:15  Drone x2  
  109  7:16  Lurker Den  
  109  7:24  Infestation Pit  
  109  7:25  Overseer  
  109  7:28  Zergling x12  
  114  7:44  Overlord x4  
  114  7:51  Hatchery  
  113  7:52  Evolution Chamber  
  113  7:56  Zergling x4  
  113  8:06  Zergling x18  
  122  8:16  Queen  
  122  8:17  Drone x2  
  122  8:18  Drone  
  121  8:22  Zergling x18  
  121  8:27  Hydralisk  
  119  8:31  Overseer x2  
  121  8:38  Drone x3  
  124  8:45  Lurker  
  124  8:46  Lurker, Hatchery  
  124  8:47  Lurker  
  124  8:48  Lurker x6  
  130  8:49  Lurker x4  
  130  8:50  Zergling x6  
  139  8:56  Spore Crawler  
  139  8:58  Spine Crawler, Drone x4  
  141  9:05  Hydralisk x3  
  143  9:20  Hydralisk x6  
  155  9:29  Zergling x2  
Show
View Real Time Build Order
Export as new Build Order

Fropez Protoss 

Build Orders: 1 Gate Expand 

Get SALT Encoding   

  12  0:01  Probe (Chrono Boost)  
  13  0:11  Probe (Chrono Boost)  
  14  0:21  Pylon  
  14  0:23  Probe (Chrono Boost)  
  15  0:31  Assimilator  
  15  0:39  Probe (Chrono Boost)  
  16  0:44  Gateway  
  16  0:49  Probe (Chrono Boost)  
  17  1:00  Probe (Chrono Boost)  
  18  1:09  Pylon  
  18  1:10  Probe (Chrono Boost)  
  19  1:21  Probe (Chrono Boost)  
  20  1:35  Nexus  
  19  1:49  Cybernetics Core  
  19  1:55  Probe (Chrono Boost)  
  19  1:59  Assimilator  
  20  2:05  Probe (Chrono Boost)  
  21  2:19  Warp Gate  
  21  2:31  Adept, Pylon  
  21  2:32  Mothership Core (Chrono Boost)  
  25  2:50  Gateway  
  25  2:57  Gateway  
  25  3:01  Probe (Chrono Boost), Gateway  
  25  3:03  Probe (Chrono Boost)  
  27  3:07  Adept  
  27  3:12  Probe (Chrono Boost)  
  30  3:23  Twilight Council  
  30  3:25  Probe x2 (Chrono Boost)  
  32  3:37  Gateway  
  32  3:39  Assimilator  
  32  3:43  Probe (Chrono Boost)  
  32  3:44  Probe (Chrono Boost)  
  32  3:46  Resonating Glaives  
  34  3:55  Adept x2  
  38  4:15  Probe x2 (Chrono Boost)  
  40  4:23  Pylon  
  40  4:27  Pylon, Probe x2 (Chrono Boost)  
  42  4:37  Pylon  
  42  4:42  Pylon  
  40  5:05  Adept x4  
  40  5:06  Adept  
  48  5:13  Probe x2 (Chrono Boost), Robotics Facility  
  50  5:23  Assimilator  
  50  5:25  Probe (Chrono Boost)  
  52  5:29  Pylon  
  52  5:30  Probe (Chrono Boost)  
  52  5:35  Adept x4  
  56  5:36  Adept  
  62  5:52  Robotics Facility  
  62  5:54  Robotics Facility  
  64  5:57  Probe (Chrono Boost)  
  64  5:58  Probe (Chrono Boost)  
  64  6:01  Warp Prism  
  60  6:29  Adept x4  
  60  6:30  Adept  
  58  6:41  Immortal  
  58  6:44  Immortal  
  60  6:48  Immortal  
  62  7:20  Immortal  
  66  7:23  Immortal  
  66  7:25  Pylon  
  66  7:27  Pylon  
  66  7:28  Immortal  
  74  7:42  Pylon  
  74  7:51  Pylon  
  74  7:55  Adept x4  
  78  8:22  Adept  
  78  8:23  Adept x3  
  70  8:31  Immortal x2  
  70  8:33  Immortal  
  82  8:36  Probe (Chrono Boost)  
  84  8:48  Templar Archives  
  84  8:50  Probe (Chrono Boost)  
  84  8:54  Adept x2  
  84  8:55  Adept  
  90  8:59  Adept  
  68  9:19  Observer x2  
  70  9:25  Adept x4  
  78  9:33  Pylon  
  78  9:35  Pylon  
Tags
 
Composition
Lurkers
League
Gold
Matchup
PvZ
Replay Pack
All Mines
Spawn Locations
Cross Positions
Add a new tag
Caveats
  • Supply blocks, unpowered buildings, or Contaminate may cause inaccurate times.
  • Supply counts are checked every 10 seconds.